 Dungeon Crawl Stone Soup version 0.22-a0-570-g58866f5d57 (webtiles) character file.

11872 Lentor the Basher (level 11, -1/101 HPs)
             Began as a Minotaur Berserker on June 30, 2018.
             Was a High Priest of Trog.
             Slain by a two-headed ogre
             ... wielding a +1 great mace of flaming
              (17 damage)
             ... in a volcano.
             The game lasted 00:18:51 (9587 turns).

Lentor the Basher (Minotaur Berserker)              Turns: 9587, Time: 00:18:52

Health: -1/101     AC: 23    Str: 21    XL:     11   Next: 55%
Magic:  0/10       EV: 11    Int:  4    God:    Trog [*****.]
Gold:   520        SH:  0    Dex: 14    Spells: 10/10 levels left

rFire    . . .     SeeInvis .   g - +0 great mace (flame)
rCold    . . .     Gourm    .   (shield currently unavailable)
rNeg     . . .     Faith    .   k - +0 plate armour
rPois    .         Spirit   +   (helmet restricted)
rElec    .         Reflect  .   y - +0 cloak
rCorr    +         Harm     .   l - +2 pair of gloves
MR       .....                  (no boots)
Stlth    ..........             G - amulet of guardian spirit
HPRegen  0.26/turn              A - ring of resist corrosion
MPRegen  0.12/turn              j - +6 ring of protection

@: berserk cooldown
A: retaliatory headbutt, horns 2
a: Berserk, Trog's Hand, Brothers in Arms, Renounce Religion


You were in a volcano.
You worshipped Trog.
Trog was extremely pleased with you.
You were hungry.

You visited 3 branches of the dungeon, and saw 13 of its levels.
You also visited: Volcano.

You collected 520 gold pieces.

Inventory:

Hand Weapons
 g - a +0 great mace of flaming (weapon)
 v - a +3 whip of flaming
 M - the +10 battleaxe "Epusol" {chop, Stlth+}
   (You found it on level 9 of the Dungeon)

   It inflicts extra damage upon your enemies.
   It makes you more stealthy.
Armour
 k - a +0 plate armour (worn)
 l - a +2 pair of gloves (worn)
 m - a +0 shield of protection
 y - a +0 cloak (worn)
Jewellery
 d - an uncursed ring of flight
 j - a +6 ring of protection (right hand)
 n - an uncursed amulet of regeneration
 A - a ring of resist corrosion (left hand)
 G - an amulet of guardian spirit (around neck)
 H - an uncursed amulet of rage {unknown}
 J - an uncursed ring of protection from magic {unknown}
Wands
 o - a wand of clouds (13)
 s - a wand of acid (14)
 t - a wand of iceblast (6)
 L - a wand of digging (10)
 N - a wand of polymorph (12)
Scrolls
 a - 4 scrolls of enchant armour
 e - 4 scrolls of enchant weapon
 h - 9 scrolls of identify
 i - 3 scrolls of fear
 z - 2 scrolls of remove curse
 C - a scroll of magic mapping
 E - 3 scrolls of teleportation
Potions
 b - a potion of might
 f - 5 potions of berserk rage
 q - a potion of haste {unknown}
 r - a potion of degeneration {unknown}
 u - a potion of mutation {unknown}
 w - a potion of curing
 x - a potion of magic
 B - 2 potions of flight {unknown}
 D - a potion of cancellation {unknown}
 F - 2 potions of lignification {unknown}
Comestibles
 c - 21 rations


   Skills:
 + Level 10.8 Fighting
 + Level 13.1 Maces & Flails
 + Level 5.9 Armour
 + Level 9.9 Dodging
 + Level 8.6 Shields


You had 10 spell levels left.
You didn't know any spells.
Your spell library was empty.

Dungeon Overview and Level Annotations

Branches:
Dungeon (11/15)            Temple (1/1) D:5            Lair (1/6) D:8
    Orc: D:9-12

Altars:
Ashenzari
Cheibriados
Dithmenos
Elyvilon
Fedhas
Gozag
Hepliaklqana
Kikubaaqudgha
Makhleb
Nemelex Xobeh
Okawaru
Qazlal
Ru
Sif Muna
Trog
Uskayaw
Vehumet
Wu Jian
Xom
Yredelemnul
Zin
The Shining One

Shops:
D:4 *   D:9 ?


Innate Abilities, Weirdness & Mutations

You reflexively headbutt those who attack you in melee.
You have a pair of horns on your head.


Message History

Trog accepts your kill.
You hit the two-headed ogre but do no damage.
The two-headed ogre is lightly wounded.
The two-headed ogre hits you but does no damage.
The two-headed ogre hits you with a giant club of flaming!
The two-headed ogre burns you.
Your ogre hits the two-headed ogre with a giant club!
The two-headed ogre hits you with a great mace of flaming!
* * * LOW HITPOINT WARNING * * *
The two-headed ogre burns you.
* * * LOW HITPOINT WARNING * * *
The two-headed ogre hits you with a giant club of flaming!
* * * LOW HITPOINT WARNING * * *
The two-headed ogre burns you.
Your plate armour prevents you from hitting the two-headed ogre.
The two-headed ogre is moderately wounded.
You feel yourself speed up.
Your ogre hits the two-headed ogre with a giant club!!
The two-headed ogre hits you with a great mace of flaming!!
You die...

##...≈≈§≈......##
#....≈...##...#
###.....###8.8#
##...## ##.##
##..# #.# ####
##'########
#...##....##
+.∩.)......#
#.O@#.⌠..8.#
##O##......# #..
##....## #.9
##8### +._ ).[#
#.. #$$$. ##.
###### ##


You could see a two-headed ogre, a molten gargoyle and a friendly ogre
(berserk).

Vanquished Creatures
  3 two-headed ogres
  A centaur warrior (D:9)
  Pikel (D:4)
  Joseph (D:7)
  A black mamba (Lair:1)
  A centaur skeleton (D:10)
  A troll (D:9)
  5 blink frogs (Lair:1)
  A spriggan (D:9)
  A hungry ghost (D:7)
  Eustachio (D:4)
  7 fire bats (Volcano)
  An acid dragon (D:10)
  2 hell hounds (D:8)
  2 porcupines (Lair:1)
  A water moccasin (D:7)
  2 black bears
  4 ice beasts
  A slave (D:4)
  An eye of draining (D:9)
  2 orc warriors
  5 ogres
  4 sky beasts
  2 phantoms
  3 centaurs (D:10)
  A crocodile (D:7)
  2 big kobolds
  A gnoll sergeant (D:5)
  2 bullfrogs (Lair:1)
  A scorpion (D:4)
  A water moccasin skeleton (D:5)
  9 killer bees (D:9)
  2 howler monkeys (D:9)
  3 crimson imps
  8 lava snakes (Volcano)
  A centaur zombie (D:9)
  A hound (D:7)
  A quasit (D:7)
  3 orc priests
  A jelly (D:7)
  Crazy Yiuf (D:7)
  An iguana (D:9)
  3 orc wizards
  Ijyb (D:4)
  5 worker ants
  A hound zombie (D:3)
  Robin (D:2)
  A howler monkey skeleton (D:6)
  10 gnolls
  13 adders
  An adder zombie (D:5)
  An ooze (D:2)
  2 adder skeletons
  3 worms
  2 dart slugs
  7 leopard geckos
  27 orcs
  2 giant cockroaches
  13 goblins
  11 hobgoblins
  17 jackals
  4 quokkas
  2 ball pythons
  9 bats
  6 frilled lizards
  12 kobolds
  A leopard gecko skeleton (D:3)
  A leopard gecko zombie (D:3)
  A quokka skeleton (D:9)
  A quokka zombie (D:3)
  9 rats
260 creatures vanquished.

Vanquished Creatures (collateral kills)
  A two-headed ogre (Volcano)
1 creature vanquished.

Grand Total: 261 creatures vanquished

Notes
Turn   | Place    | Note
-------+----------+-------------------------------------------
     0 | D:1      | Lentor the Minotaur Berserker began the quest for the Orb.
     0 | D:1      | Reached XP level 1. HP: 19/19 MP: 0/0
   129 | D:1      | Reached XP level 2. HP: 22/27 MP: 1/1
   132 | D:1      | Reached skill level 4 in Maces & Flails
  1092 | D:2      | Reached XP level 3. HP: 33/33 MP: 2/2
  1103 | D:2      | Reached ** piety under Trog
  1167 | D:2      | Noticed Robin
  1176 | D:2      | Killed Robin
  1715 | D:2      | Reached XP level 4. HP: 34/41 MP: 3/3
  1977 | D:3      | Reached skill level 5 in Maces & Flails
  2693 | D:3      | Reached XP level 5. HP: 44/47 MP: 4/4
  2992 | D:4      | Noticed Ijyb
  3001 | D:4      | Killed Ijyb
  3001 | D:4      | Reached skill level 5 in Fighting
  3315 | D:4      | Noticed Pikel
  3315 | D:4      | Noticed a slave
  3315 | D:4      | Noticed a slave
  3315 | D:4      | Noticed a slave
  3317 | D:4      | Noticed a slave
  3320 | D:4      | Killed a slave
  3323 | D:4      | Killed Pikel
  3323 | D:4      | Reached skill level 7 in Maces & Flails
  3323 | D:4      | Reached skill level 5 in Dodging
  3323 | D:4      | Reached XP level 6. HP: 57/57 MP: 5/5
  3323 | D:4      | Reached XP level 7. HP: 62/62 MP: 6/6
  3696 | D:4      | Found Atussip's Assorted Antiques.
  3764 | D:4      | Noticed Eustachio
  3782 | D:4      | Killed Eustachio
  3891 | D:4      | Got a steaming leather armour
  3902 | D:4      | Identified the +4 leather armour of the Black Moon {rElec MR+ Regen+ Str+5} (You found it on level 4 of the Dungeon)
  3917 | D:4      | Reached skill level 8 in Maces & Flails
  4588 | D:5      | Entered Level 5 of the Dungeon
  4600 | D:5      | Found a staircase to the Ecumenical Temple.
  4621 | Temple   | Entered the Ecumenical Temple
  4888 | D:5      | Reached *** piety under Trog
  4894 | D:5      | Reached XP level 8. HP: 70/70 MP: 7/7
  5025 | D:5      | Reached skill level 9 in Maces & Flails
  5364 | D:5      | Reached skill level 1 in Shields
  5737 | D:6      | Reached skill level 10 in Maces & Flails
  5803 | D:6      | Reached XP level 9. HP: 79/79 MP: 8/8
  5855 | D:6      | Found a burning altar of Makhleb.
  6374 | D:6      | Reached **** piety under Trog
  6517 | D:7      | Found a runed door.
  6521 | D:7      | Noticed Crazy Yiuf
  6524 | D:7      | Killed Crazy Yiuf
  6568 | D:7      | Noticed Joseph
  6584 | D:7      | Killed Joseph
  6672 | D:7      | Found an iron altar of Okawaru.
  6813 | D:7      | Reached skill level 11 in Maces & Flails
  7140 | D:8      | Noticed a two-headed ogre
  7155 | D:8      | Killed a two-headed ogre
  7155 | D:8      | Reached skill level 5 in Shields
  7206 | D:8      | Found a staircase to the Lair.
  7241 | D:8      | Reached XP level 10. HP: 88/88 MP: 9/9
  7597 | D:9      | Found a sacrificial altar of Ru.
  7621 | D:9      | Received a gift from Trog
  7695 | D:9      | Reached skill level 5 in Armour
  7823 | D:9      | Got a crystal battleaxe
  7834 | D:9      | Identified the +10 battleaxe "Epusol" {chop, Stlth+} (You found it on level 9 of the Dungeon)
  7879 | D:9      | Reached skill level 12 in Maces & Flails
  7881 | D:9      | Noticed a two-headed ogre
  7886 | D:9      | Killed a two-headed ogre
  7950 | D:9      | Noticed a centaur warrior
  7957 | D:9      | Killed a centaur warrior
  7972 | D:9      | Noticed a moth of wrath
  7973 | D:9      | Reached ***** piety under Trog
  7977 | D:9      | Found a bloodstained altar of Trog.
  8019 | D:9      | Found Afoekhly's Magic Scroll Shop.
  8229 | D:10     | Entered Level 10 of the Dungeon
  8296 | D:10     | Reached XP level 11. HP: 97/97 MP: 10/10
  8722 | Lair:1   | Entered Level 1 of the Lair of Beasts
  8739 | Lair:1   | Received a gift from Trog
  8953 | Lair:1   | Reached skill level 10 in Fighting
  8976 | Lair:1   | Found a dark tunnel.
  8976 | Lair:1   | Noticed a lindwurm
  8985 | Volcano  | Entered a volcano
  9013 | Volcano  | Reached skill level 13 in Maces & Flails
  9020 | Volcano  | HP: 3/99 [fire bat (6)]
  9554 | Volcano  | Noticed a two-headed ogre
  9554 | Volcano  | Noticed a hell knight
  9557 | Volcano  | Killed a two-headed ogre
  9580 | Volcano  | Found a radiant altar of Vehumet.
  9580 | Volcano  | Noticed a two-headed ogre
  9580 | Volcano  | Noticed an ogre mage
  9580 | Volcano  | Noticed a two-headed ogre
  9585 | Volcano  | Killed a two-headed ogre
  9587 | Volcano  | Slain by a two-headed ogre

Vault maps used:
D:1:      dpeg_arrival_three_smaller_balls
D:2:      first_ration, uniq_robin
D:3:      serial_undead, serial_undead_f, serial_undead_b, serial_undead_f,
          serial_undead_c
D:4:      serial_shops, nicolae_shop_behind_doors, grunt_decor_arrowhead,
          chequers_big_river, uniq_pikel, uniq_ijyb, uniq_eustachio
D:5:      minmay_temple_entry_mist
D:6:      basic_altar, lightli_corner_chamber
D:7:      okawaru_altar_gauntlet_db, uniq_joseph, uniq_crazy_yiuf_cottage
D:8:      minmay_lair_entry_lava
D:9:      kennysheep_mini, serial_shops, shop, the_bakery, minivault_19,
          tgw_trog
D:11:     david_orc_1_choice, serial_shops,
          nicolae_shop_temple_entry_statues_fountains,
          nicolae_shop_overgrown_old_shop, kennysheep_little_box,
          nicolae_shop_stone, shop
Temple:   nicolae_temple_the_god_donut
Lair:1:   nicolae_volcano_entry_vermiform
Volcano:  volcano_grotto

Skill      XL: |  1  2  3  4  5  6  7  8  9 10 11 |
---------------+----------------------------------+-----
Maces & Flails | 4 5 7 8 10 11 12 13 | 13.1
Fighting       | 4 5 6 7 9 10 | 10.8
Dodging        | 3 5 6 8 9 |  9.9
Armour         | 3 4 5 |  5.9
Shields        | 1 5 8 |  8.6

Action                   |  1- 3 |  4- 6 |  7- 9 | 10-12 || total
-------------------------+-------+-------+-------+-------++-------
Melee: Mace              |    55 |    84 |       |       ||   139
       Headbutt          |     4 |     8 |    58 |    42 ||   112
       Whip              |       |       |   285 |    82 ||   367
       Battleaxe         |       |       |       |   102 ||   102
       Great mace        |       |       |       |     5 ||     5
Invok: Berserk           |     1 |     2 |     3 |     2 ||     8
       Brothers in Arms  |       |       |       |     1 ||     1
  Use: Scroll            |       |       |     9 |    11 ||    20
 Stab: Sleeping          |     1 |       |       |     4 ||     5
  Eat: Chunk             |     3 |     4 |    13 |     6 ||    26
       Ration            |       |     1 |     1 |     1 ||     3
Armor: Animal skin       |    12 |    18 |       |       ||    30
       Leather armour    |       |       |    56 |    42 ||    98
       Ring mail         |       |       |     5 |       ||     5
       Plate armour      |       |       |       |    48 ||    48
Dodge: Dodged            |    39 |    82 |   104 |   153 ||   378
Block: Shield            |       |       |    93 |    29 ||   122

Table legend:
 A = Spawn XP
 B = Non-spawn XP
 C = Spawn XP percentage of total XP
 D = Spawn monster count
 E = Non-spawn monster count
 F = Spawn count percentage of total count
 G = Total turns spent on level
                    A         B        C        D         E        F      G
               +---------+---------+-------+---------+---------+-------+---------
         Total |       0 |   16961 |   0.0 |       0 |     260 |   0.0 |  9587
               +---------+---------+-------+---------+---------+-------+---------
           D:1 |       0 |      32 |   0.0 |       0 |      18 |   0.0 |   971
           D:2 |       0 |      73 |   0.0 |       0 |      27 |   0.0 |   976
           D:3 |       0 |     117 |   0.0 |       0 |      30 |   0.0 |  1401
           D:4 |       0 |    1129 |   0.0 |       0 |      10 |   0.0 |  1240
           D:5 |       0 |     977 |   0.0 |       0 |      24 |   0.0 |   823
           D:6 |       0 |     603 |   0.0 |       0 |      19 |   0.0 |   825
           D:7 |       0 |    1453 |   0.0 |       0 |      27 |   0.0 |   608
           D:8 |       0 |    1597 |   0.0 |       0 |      15 |   0.0 |   515
           D:9 |       0 |    4249 |   0.0 |       0 |      44 |   0.0 |   652
          D:10 |       0 |    1119 |   0.0 |       0 |      19 |   0.0 |   455
        Lair:1 |       0 |    2193 |   0.0 |       0 |      10 |   0.0 |   263
       Volcano |       0 |    3419 |   0.0 |       0 |      17 |   0.0 |   602
               +---------+---------+-------+---------+---------+-------+---------
